 Dungeon Crawl Stone Soup version 0.28-a0-1038-g9c4cb82 (webtiles) character file.

Game seed: 4101542708897205853

7358 GeorgeSoros the Archer (level 11, -2/89 HPs)
             Began as a Gnoll Wanderer on June 1, 2021.
             Was a Follower of Dithmenos.
             Slain by an ice devil (22 damage)
             ... on level 1 of the Lair of Beasts on Dec 7, 2021.
             The game lasted 00:48:29 (15322 turns).

GeorgeSoros the Archer (Gnoll Wanderer)            Turns: 15322, Time: 00:48:30

Health: -2/89      AC: 16    Str: 10    XL:     11   Next: 14%
Magic:  20/20      EV:  6    Int: 17    God:    Dithmenos [*.....]
Gold:   348        SH:  5    Dex: 11    Spells: 22/22 levels left

rFire   . . .      SeeInvis .   a - +0 broad axe (freeze)
rCold   . . .      Faith    .   (no shield)
rNeg    + . .      Spirit   .   u - +0 chain mail
rPois   .          Reflect  +   (no helmet)
rElec   .          Harm     .   l - +0 cloak
rCorr   .          Rampage  .   k - +1 pair of gloves
Will    .....                   g - +1 pair of boots
Stlth   ..........              t - amulet of reflection
HPRegen 0.24/turn               o - ring of positive energy
MPRegen 0.17/turn               (no ring)

@: wreathed by umbra
A: fangs 1, strong nose, distributed training
a: Renounce Religion


You were on level 1 of the Lair of Beasts.
You worshipped Dithmenos.
Dithmenos was aware of your devotion.
You visited 3 branches of the dungeon, and saw 11 of its levels.

You collected 467 gold pieces.
You spent 119 gold pieces at shops.

Inventory:

Hand Weapons
 a - a +0 broad axe of freezing (weapon)
 b - a +2 shortbow of freezing
 D - a +0 dagger of pain
 F - a +2 dagger of venom
Missiles
 i - 32 arrows
 v - 5 throwing nets (quivered)
 y - 9 curare-tipped darts
Armour
 d - a +0 ring mail
 f - a +0 leather armour
 g - a +1 pair of boots (worn)
 k - a +1 pair of gloves (worn)
 l - a +0 cloak (worn)
 m - a +0 buckler
 u - a +0 chain mail (worn)
 H - the +3 hat of Pondering {ponderous, Will+ MP+10 Int+5}
   (You took it off Gastronok on level 8 of the Dungeon)

   Int:       It affects your intelligence (+5).
   MP:        It affects your magic capacity (+10).
   Will:      It increases your willpower.
Jewellery
 o - a ring of positive energy (left hand)
 t - an amulet of reflection (around neck)
 E - a ring of fire
Wands
 w - a wand of digging (7)
Scrolls
 h - 3 scrolls of amnesia
 q - a scroll of magic mapping
 z - 3 scrolls of immolation
 A - 2 scrolls of identify
Potions
 c - 2 potions of curing
 e - 2 potions of cancellation
 j - a potion of mutation
 n - 2 potions of brilliance
 p - a potion of resistance
 r - a potion of heal wounds
 x - a potion of might


   Skills:
 + Level 9.0 Fighting
 + Level 6.0 Short Blades
 + Level 6.0 Long Blades
 + Level 6.0 Axes
 + Level 6.0 Maces & Flails
 + Level 6.0 Polearms
 + Level 6.0 Staves
 + Level 6.0 Slings
 + Level 9.0 Bows
 + Level 6.0 Crossbows
 + Level 6.6 Throwing
 + Level 6.6 Armour
 + Level 6.6 Dodging
 + Level 6.5 Stealth
 + Level 6.0 Shields
 + Level 6.0 Unarmed Combat
 + Level 6.0 Spellcasting
 + Level 5.0 Conjurations
 + Level 5.0 Hexes
 + Level 5.0 Summonings
 + Level 5.0 Necromancy
 + Level 5.0 Translocations
 + Level 5.0 Transmutations
 + Level 5.0 Fire Magic
 + Level 5.0 Ice Magic
 + Level 5.0 Air Magic
 + Level 5.0 Earth Magic
 + Level 5.0 Poison Magic
 + Level 6.6 Invocations
 + Level 6.0 Evocations


You had 22 spell levels left.
You didn't know any spells.
Your spell library contained the following spells:

 Spells                   Type           Power      Damage    Failure   Level
 Ensorcelled Hibernation  Hex/Ice        44%        N/A       75%         2
 Confusing Touch          Hex            22%        N/A       92%         3
 Gell's Gravitas          Tloc           22%        N/A       92%         3
 Tukima's Dance           Hex            22%        N/A       92%         3
 Petrify                  Tmut/Erth      22%        N/A       100%        4
 Metabolic Englaciation   Hex/Ice        11%        N/A       100%        5
 Yara's Violent Unravell  Hex/Tmut       11%        3d6       100%        5


Dungeon Overview and Level Annotations

Branches:
Dungeon (8/15)             Temple (1/1) D:7            Lair (2/6) D:8
  Swamp: Lair:2-4    Shoals: Lair:2-4     Snake: Lair:2-4    Spider: Lair:2-4

Altars:
Ashenzari
Cheibriados
Dithmenos
Elyvilon
Gozag
Kikubaaqudgha
Makhleb
Nemelex Xobeh
Okawaru
Qazlal
Ru
Sif Muna
Trog
Uskayaw
Vehumet
Xom
Yredelemnul
Zin
The Shining One

Shops:
D:7 [   D:8 *

Annotations:
D:7 1 runed translucent door, Crazy Yiuf
Lair:1 1 runed translucent door, exclusion: ice statue, Pusuje's ghost, novice HOBe


Innate Abilities, Weirdness & Mutations

You have very sharp teeth.
Your uncanny sense of smell can sniff out nearby items.
Your experience applies equally to all skills.


Message History

Aim: an ice devil (lightly wounded, umbra, 74% to hit)
The bolt of acid misses the ice devil.
The bolt of acid hits the troll simulacrum!
The acid corrodes the troll simulacrum!
The troll simulacrum is almost destroyed.
The bolt of acid misses the butterfly.
The ice devil hits you but does no damage.
Aiming: Corrosive Bolt
Press: ? - help, Shift-Dir - straight line, f/p - ice devil
Aim: an ice devil (lightly wounded, umbra, 74% to hit)
The bolt of acid hits the ice devil!
The ice devil is moderately wounded.
The bolt of acid hits the troll simulacrum!
The troll simulacrum seems to be corroded for longer.
The troll simulacrum vaporises!
Dithmenos accepts your kill.
The bolt of acid misses the butterfly.
The now-empty wand crumbles to dust.
The ice devil hits you but does no damage.
You hit the ice devil but do no damage.
The ice devil is lightly wounded.
You block the ice devil's attack.
The ice devil hits you but does no damage.
You hit the ice devil but do no damage.
You bite the ice devil, but do no damage.
The ice devil is lightly wounded.
You block the ice devil's attack.
You slice the ice devil!!
The ice devil is heavily wounded.
The ice devil hits you but does no damage.
You slash the ice devil!
The ice devil is severely wounded.
The ice devil hits you but does no damage.
You hit the ice devil.
The ice devil is almost dead.
The ice devil hits you. The ice devil freezes you!
* * * LOW HITPOINT WARNING * * *
The ice devil hits you.
* * * LOW HITPOINT WARNING * * *
The ice devil freezes you!!
You die...

.ZZ≈## ##.##≈≈≈≈≈<.≈≈≈.###P...##.
≈≈≈≈# #..#.≈≈b≈..≈≈≈.###....##.
.≈Z≈# #.#..≈≈≈≈≈≈≈≈≈.##......##
≈≈≈≈# ##.##.≈≈≈≈≈≈≈≈≈.#.......##
≈≈ZZ####...##.≈≈≈≈≈≈≈≈....P...##.
≈≈≈..÷......Z....≈...#.##.....##P
≈Z4####....##.##.P#########...###
##.#.##..##4## #......
#....###..#@## ##.###.#
##...........########...####
#.##.###.#.##.##.P.#...# #
#.########.............####
#.P##P####.#.###.####......
#?.........### ### ##.###P#
######.###..####.###..##### ###
#.................
###########..#.###


You could see an ice devil.

Vanquished Creatures
  Gastronok (D:8)
  A hydra (Lair:1)
  A death yak (Lair:1)
  A two-headed ogre (D:8)
  4 centaur zombies
  A komodo dragon (Lair:1)
  2 polar bears (Lair:1)
  A yak (Lair:1)
  A basilisk (Lair:1)
  An acid dragon (D:6)
  Duvessa (D:5)
  3 ice beasts
  A sky beast (D:5)
  An ogre (D:7)
  A wolf (Lair:1)
  A centaur (D:8)
  2 phantoms (D:4)
  3 kobold brigands (D:8)
  6 bullfrogs
  2 wyvern zombies
  Dowan (D:5)
  A water moccasin skeleton (D:6)
  4 killer bees (D:7)
  An elephant simulacrum (Lair:1)
  5 howler monkeys
  2 hounds
  A jelly (D:8)
  2 orc priests
  3 bullfrog skeletons
  4 iguanas
  Terence (D:2)
  10 orc wizards
  A spriggan simulacrum (Lair:1)
  A troll simulacrum (Lair:1)
  A hound zombie (D:5)
  2 hound skeletons (D:4)
  A howler monkey zombie (D:8)
  4 gnolls (D:6)
  9 adders
  A howler monkey skeleton (D:5)
  A shadow imp (D:7)
  2 white imps (D:7)
  2 ufetubi
  2 adder skeletons
  5 worms
  A dart slug (D:2)
  16 orcs
  6 bats
  7 endoplasms
  5 giant cockroaches
  8 hobgoblins
  8 jackals
  7 quokkas
  12 ball pythons
  5 frilled lizards
  10 goblins
  21 kobolds
  10 rats
218 creatures vanquished.

Vanquished Creatures (others)
  5 fungi (Lair:1)
  33 plants
38 creatures vanquished.

Grand Total: 256 creatures vanquished

Notes
Turn   | Place    | Note
-------+----------+-------------------------------------------
     0 | D:1      | GeorgeSoros the Gnoll Wanderer began the quest for the Orb.
     0 | D:1      | GeorgeSoros set off with the following items: a +2
                  | shortbow, 23 arrows, a potion of curing, a potion of
                  | lignification, a +0 robe
     0 | D:1      | Reached XP level 1. HP: 23/23 MP: 1/1
   473 | D:1      | Reached XP level 2. HP: 29/29 MP: 2/2
   854 | D:1      | Reached XP level 3. HP: 35/35 MP: 3/3
  1660 | D:2      | Reached skill level 1 in Invocations
  1989 | D:2      | Reached skill level 1 in Short Blades
  1989 | D:2      | Reached skill level 1 in Long Blades
  1989 | D:2      | Reached skill level 1 in Axes
  1989 | D:2      | Reached skill level 1 in Maces & Flails
  1989 | D:2      | Reached skill level 1 in Polearms
  1989 | D:2      | Reached skill level 1 in Staves
  1989 | D:2      | Reached skill level 1 in Slings
  1989 | D:2      | Reached skill level 1 in Crossbows
  1989 | D:2      | Reached skill level 1 in Shields
  1989 | D:2      | Reached skill level 1 in Unarmed Combat
  1989 | D:2      | Reached skill level 1 in Spellcasting
  1989 | D:2      | Reached skill level 1 in Evocations
  2129 | D:2      | Reached XP level 4. HP: 38/41 MP: 5/5
  2540 | D:2      | Found a faded altar of an unknown god.
  2561 | D:2      | Noticed Terence
  2567 | D:2      | Killed Terence
  2568 | D:2      | Reached skill level 1 in Conjurations
  2568 | D:2      | Reached skill level 1 in Hexes
  2568 | D:2      | Reached skill level 1 in Summonings
  2568 | D:2      | Reached skill level 1 in Necromancy
  2568 | D:2      | Reached skill level 1 in Translocations
  2568 | D:2      | Reached skill level 1 in Transmutations
  2568 | D:2      | Reached skill level 1 in Fire Magic
  2568 | D:2      | Reached skill level 1 in Ice Magic
  2568 | D:2      | Reached skill level 1 in Air Magic
  2568 | D:2      | Reached skill level 1 in Earth Magic
  2568 | D:2      | Reached skill level 1 in Poison Magic
  2983 | D:3      | Reached XP level 5. HP: 43/47 MP: 6/6
  4723 | D:4      | Found a white marble altar of Elyvilon.
  4784 | D:4      | Noticed a phantom
  4799 | D:4      | Killed a phantom
  4800 | D:4      | Reached XP level 6. HP: 51/53 MP: 8/8
  5187 | D:4      | Upgraded the game from 0.27-a0-1200-g94dc6ad to
                  | 0.27-a0-1228-gfd60fd6
  5417 | D:5      | Entered Level 5 of the Dungeon
  5669 | D:5      | Found an opulent altar of Gozag.
  5680 | D:4      | Reached XP level 7. HP: 43/59 MP: 10/10
  6282 | D:5      | You fall into a shaft and drop 2 floors!
  6283 | D:7      | Upgraded the game from 0.27-a0-1228-gfd60fd6 to
                  | 0.27-a0-1595-g0b823d0
  6486 | D:6      | Reached XP level 8. HP: 47/67 MP: 12/12
  7434 | D:6      | Found a sparkling altar of Nemelex Xobeh.
  7472 | D:6      | Found a shimmering blue altar of Sif Muna.
  7494 | D:6      | Upgraded the game from 0.27-a0-1595-g0b823d0 to
                  | 0.28-a0-69-g49dcd67
  7494 | D:6      | Upgraded the game from 0.28-a0-69-g49dcd67 to
                  | 0.28-a0-503-g83f2989
  7612 | D:5      | Found a stormy altar of Qazlal.
  7909 | D:5      | Noticed Duvessa
  7909 | D:5      | Noticed Dowan
  7924 | D:5      | Killed Duvessa
  7926 | D:5      | Killed Dowan
  8501 | D:6      | Reached XP level 9. HP: 47/73 MP: 14/14
  8963 | D:7      | Found a runed translucent door.
  8964 | D:7      | Noticed Crazy Yiuf
  8991 | D:7      | Found a staircase to the Ecumenical Temple.
  8996 | Temple   | Entered the Ecumenical Temple
  9943 | D:7      | Reached skill level 5 in Throwing
  9943 | D:7      | Reached skill level 5 in Armour
  9943 | D:7      | Reached skill level 5 in Dodging
 10351 | D:7      | Upgraded the game from 0.28-a0-503-g83f2989 to
                  | 0.28-a0-1038-g9c4cb82
 10462 | D:7      | Found Pena's Antique Armour Emporium.
 10559 | D:7      | Reached skill level 5 in Stealth
 11028 | D:8      | Found Yxtit's Mayhem Merchandise.
 11333 | D:8      | Bought a +0 broad axe of freezing for 119 gold pieces
 11548 | D:8      | Found a staircase to the Lair.
 11567 | D:8      | Noticed a two-headed ogre
 11668 | Temple   | Became a worshipper of Dithmenos the Shadowed
 11896 | D:8      | Reached skill level 5 in Invocations
 12238 | D:8      | Found a snail-covered altar of Cheibriados.
 12278 | D:8      | Noticed Gastronok
 12299 | D:8      | Killed Gastronok
 12300 | D:8      | Reached skill level 5 in Short Blades
 12300 | D:8      | Reached skill level 5 in Long Blades
 12300 | D:8      | Reached skill level 5 in Axes
 12300 | D:8      | Reached skill level 5 in Maces & Flails
 12300 | D:8      | Reached skill level 5 in Polearms
 12300 | D:8      | Reached skill level 5 in Staves
 12300 | D:8      | Reached skill level 5 in Slings
 12300 | D:8      | Reached skill level 5 in Crossbows
 12300 | D:8      | Reached skill level 5 in Shields
 12300 | D:8      | Reached skill level 5 in Unarmed Combat
 12300 | D:8      | Reached skill level 5 in Spellcasting
 12300 | D:8      | Reached skill level 5 in Evocations
 12300 | D:8      | Reached XP level 10. HP: 25/81 MP: 15/17
 12819 | D:8      | Killed a two-headed ogre
 13025 | Lair:1   | Entered Level 1 of the Lair of Beasts
 13063 | Lair:1   | Reached * piety under Dithmenos
 13105 | Lair:1   | Noticed a seven-headed hydra
 13118 | Lair:1   | Killed a seven-headed hydra
 13975 | Lair:1   | Found a runed translucent door.
 13975 | Lair:1   | Found a shimmering altar of Xom.
 13975 | Lair:1   | Noticed Pusuje's ghost (novice HOBe)
 13975 | Lair:1   | Noticed a +1 rapier of chaos
 14069 | Lair:1   | Noticed an ice statue
 14069 | Lair:1   | Noticed a death yak
 14073 | Lair:1   | Noticed a death yak
 14653 | Lair:1   | Reached XP level 11. HP: 47/87 MP: 19/19
 15099 | Lair:1   | Killed a death yak
 15100 | Lair:1   | Reached skill level 5 in Conjurations
 15100 | Lair:1   | Reached skill level 5 in Hexes
 15100 | Lair:1   | Reached skill level 5 in Summonings
 15100 | Lair:1   | Reached skill level 5 in Necromancy
 15100 | Lair:1   | Reached skill level 5 in Translocations
 15100 | Lair:1   | Reached skill level 5 in Transmutations
 15100 | Lair:1   | Reached skill level 5 in Fire Magic
 15100 | Lair:1   | Reached skill level 5 in Ice Magic
 15100 | Lair:1   | Reached skill level 5 in Air Magic
 15100 | Lair:1   | Reached skill level 5 in Earth Magic
 15100 | Lair:1   | Reached skill level 5 in Poison Magic
 15322 | Lair:1   | Slain by an ice devil

Illustrated notes

Levels and vault maps discovered:
D:1:      kennysheep_arrival_seaside, layout_basic
D:2:      minmay_inner_zag, layout_rooms,
          hellmonk_ecumenical_altar_inner_sanctum, minmay_indecisive_spiral,
          uniq_terence
D:3:      layout_rooms, palyth_stone_intersect, minmay_starry_boxes
D:4:      layout_rooms, kennysheep_mini, serial_bayou, serial_bayou_pond_a,
          serial_bayou_lagoon_a, serial_bayou_shore_a, serial_bayou_pond_d,
          serial_bayou_pond_c, serial_bayou_pond_e,
          minmay_misc_feat_secret_circle
D:5:      layout_loops_cross, grunt_gozag_breadcrumbs, old_standard_altar,
          nicolae_zen_rock_garden, uniq_duvessa
D:6:      layout_loops_ring, overflow_temple_1_default,
          overflow_temple_1_default, fountainhead, chequers_garden, st_stairs_6
D:7:      layout_basic, minmay_temple_entry_glassed_door, serial_shops,
          nicolae_shop_trees, hangedman_decor_opposing, grunt_ministairs_9,
          uniq_crazy_yiuf_cottage
D:8:      minmay_flawed_box, layout_basic, general_overflow_altar,
          minmay_shop_mayhem, minmay_unpleasant_kobolds, uniq_gastronok
Temple:   dshaligram_water_room_temple
Lair:1:   dreamdust_isle_of_ice, layout_loops_ring, ebering_ghost_xom,
          infiniplex_staircase_pool_2, lemuel_fruit_fields
Lair:2:   layout_small_grid, minmay_shoals_entry_lonely_mermaid,
          nicolae_spider_entry_tight_spaces

Skill      XL: |  1  2  3  4  5  6  7  8  9 10 11 |
---------------+----------------------------------+-----
Invocations    | 1 2 3 4 5 6 |  6.6
Short Blades   | 1 2 3 5 6 |  6.0
Long Blades    | 1 2 3 5 6 |  6.0
Axes           | 1 2 3 5 6 |  6.0
Maces & Flails | 1 2 3 5 6 |  6.0
Polearms       | 1 2 3 5 6 |  6.0
Staves         | 1 2 3 5 6 |  6.0
Slings         | 1 2 3 5 6 |  6.0
Crossbows      | 1 2 3 5 6 |  6.0
Shields        | 1 2 3 5 6 |  6.0
Unarmed Combat | 1 2 3 5 6 |  6.0
Spellcasting   | 1 2 3 5 6 |  6.0
Evocations     | 1 2 3 5 6 |  6.0
Conjurations   | 1 2 3 4 5 |  5.0
Hexes          | 1 2 3 4 5 |  5.0
Summonings     | 1 2 3 4 5 |  5.0
Necromancy     | 1 2 3 4 5 |  5.0
Translocations | 1 2 3 4 5 |  5.0
Transmutations | 1 2 3 4 5 |  5.0
Fire Magic     | 1 2 3 4 5 |  5.0
Ice Magic      | 1 2 3 4 5 |  5.0
Air Magic      | 1 2 3 4 5 |  5.0
Earth Magic    | 1 2 3 4 5 |  5.0
Poison Magic   | 1 2 3 4 5 |  5.0
Throwing       | 3 4 5 6 |  6.6
Armour         | 3 4 5 6 |  6.6
Dodging        | 3 4 5 6 |  6.6
Stealth        | 3 4 5 6 |  6.5
Fighting       | 7 8 9 |  9.0
Bows           | 7 8 9 |  9.0

Action                   |  1- 3 |  4- 6 |  7- 9 | 10-12 || total
-------------------------+-------+-------+-------+-------++-------
Melee: Unarmed           |    17 |     1 |       |       ||    18
       Punch             |     9 |    22 |    50 |     3 ||    84
       Dagger            |    91 |   325 |   604 |       ||  1020
       Touch             |       |     2 |     7 |       ||     9
       Broad axe         |       |       |    81 |   172 ||   253
       Bite              |       |       |    11 |    19 ||    30
 Fire: Shortbow          |    54 |    60 |    86 |    31 ||   231
Evoke: Wand              |       |       |     8 |     7 ||    15
  Use: Scroll            |     4 |     7 |     1 |     9 ||    21
       Potion            |       |     1 |     7 |     2 ||    10
 Stab: Sleeping          |     1 |     2 |     1 |     1 ||     5
       Distracted        |       |     1 |       |       ||     1
Armor: Robe              |     4 |       |       |       ||     4
       Leather armour    |    16 |    63 |       |       ||    79
       Ring mail         |       |    41 |   348 |    93 ||   482
       Skin              |       |     1 |       |       ||     1
       Chain mail        |       |       |       |    10 ||    10
Dodge: Dodged            |    74 |   177 |   334 |   114 ||   699
Block: Other             |       |       |   135 |    49 ||   184
       Reflection        |       |       |     1 |       ||     1
       Buckler           |       |       |       |    10 ||    10

Table legend: (Time is in decaauts)
 A = Elapsed time spent in this place.
 B = Non-inter-level travel time spent in this place.
 C = Inter-level travel time spent in this place.
 D = Time resting spent in this place.
 E = Time spent auto-exploring this place.
 F = Levels seen in this place.
 G = Mean time per level.
                   A        B        C        D        E       F      G
               +--------+--------+--------+--------+--------+-----+--------+
         Total |  15347 |  14686 |    661 |   1818 |   9718 |  11 | 1395.2 |
       Dungeon |  12822 |  12169 |    653 |   1010 |   8547 |   8 | 1602.8 |
        Temple |    194 |    186 |      8 |      0 |     60 |   1 |  194.0 |
          Lair |   2330 |   2330 |      0 |    808 |   1110 |   2 | 1165.0 |
               +--------+--------+--------+--------+--------+-----+--------+

Top non-repeatable levels by time:
     D:6: 2032 daAuts
  Lair:1: 2029 daAuts
     D:8: 2003 daAuts
     D:7: 1744 daAuts
     D:1: 1491 daAuts
     D:2: 1470 daAuts
     D:4: 1455 daAuts
     D:3: 1322 daAuts
     D:5: 1302 daAuts
  Lair:2: 300 daAuts
  Temple: 194 daAuts
